 Dungeon Crawl Stone Soup version 0.31-a0-574-g69dc8cc98e (webtiles) character file.

Game seed: 13630242787407216202

69 ytrimaz the Insei (level 4, -8/32 HPs)
             Began as a Demonspawn Shapeshifter on Aug 18, 2023.
             Splashed by a jelly's acid (9 damage)
             ... on level 3 of the Dungeon.
             The game lasted 00:02:27 (2146 turns).

ytrimaz the Insei (Demonspawn Shapeshifter)         Turns: 2146, Time: 00:02:27

Health: -8/32      AC:  0    Str: 15    XL:     4   Next: 2%
Magic:  4/4        EV: 13    Int:  9    God:
Gold:   161        SH:  0    Dex: 16    Spells: 3/3 levels left

rFire   . .          .
                       - Unarmed
rCold   . . .        (no shield)
rNeg    . . .        a - +0 animal skin
rPois   .            (helmet currently unavailable)
rElec   .            (cloak currently unavailable)
rCorr   .            (gloves currently unavailable)
SInv    .            (boots currently unavailable)
Will    .....        (no amulet)
Stlth   +            (no ring)
HPRegen 0.25/turn    (no ring)
MPRegen 0.09/turn

%: no passive effects
@: beast-form, corroded
A: beast (slay +2), thin metallic scales 1
a: Begin Untransformation


You were on level 3 of the Dungeon.
You were a hulking beast.
You visited 1 branch of the dungeon, and saw 4 of its levels.

You collected 161 gold pieces.


Innate Abilities, Weirdness & Mutations

You are a hulking beast.
Your limbs bulge with bestial killing power. (Slay +2)
You are partially covered in thin metallic scales. (AC +2)


   Skills:
 - Level 1.0 Fighting
 + Level 2.7 Dodging
 + Level 3.3 Unarmed Combat
 + Level 3.1 Shapeshifting


You had 3 spell levels left.
You didn't know any spells.
Your spell library contained the following spells:

 Spells                   Type           Power      Damage    Failure   Level
 Dazzling Flash           Conj/Hex       0%         N/A       77%         3
 Agony                    Necr           0%         N/A       100%        5
 Silence                  Hex/Air        0%         N/A       100%        5

Inventory:

Armour
 a - a +0 animal skin (worn)
Talismans
 c - a beast talisman (active)
 d - a flux talisman
Wands
 h - a wand of iceblast (14)
   (You found it on level 2 of the Dungeon)
Scrolls
 e - a scroll of fear {unknown}
 i - a scroll of fog
 j - 2 scrolls of immolation
 l - a scroll of summoning {unknown}
 m - a scroll of vulnerability
 n - a scroll of torment
Potions
 b - a potion of lignification
 g - a potion of mutation {unknown}
 k - a potion of degeneration {unknown}

Dungeon Overview and Level Annotations

Branches:
Dungeon (4/15) Zot: 21861
 Temple: D:4-7

Altars:

..........# #.# #........#
..........# #.# #........#
..........# #.# #........#
...######## #.# #........#
......# #.# #........# ..###.#
#.# #........####### ..# #.# #.#
#######.........
..###.#######.########...########
...............Jh....'....#
รท####................#....#
.############.##.###.#....#
.#.................#.#....# ##
...........##.##.#.#.#....# #.
##.####....##....#.#.#....# #.
#.#.......##.##.#.#.#....# #<
#.#.#.#.#######.#.#.#.#### ##
#.#.#.#.#.............#


You could see a jelly.


Message History

You kill the quokka!
You have reached level 4!
You feel agile. ๐Ÿ˜Ž HP[+6] MP[+1]
You now have 32 max hp (+6).
Your hp is fully restored (32).
Your mp is fully restored (4).
No target in view!
Key pressed, stopping explore.
Found a stone staircase leading down.
Things that are here:
a +0 short sword; a +0 ring mail; an orc skeleton
Found a stone staircase leading up.
No target in view!
Done exploring.
Done exploring.
Done exploring.
Okay, then.
As you read the scroll labelled SISIPLAVVU, it crumbles to dust.
It is a scroll of identify.
j - 2 scrolls of immolation Unknown command.
As you read the scroll of identify, it crumbles to dust.
i - a scroll of fog
As you read the scroll of identify, it crumbles to dust.
m - a scroll of vulnerability
As you read the scroll of identify, it crumbles to dust.
n - a scroll of torment Done exploring.
Done exploring.
Done exploring.
Done exploring.
Unknown command.
Done exploring.
Done exploring.
Things that are here:
a +0 short sword; a +0 ring mail; an orc skeleton
There is a stone staircase leading down here.
You climb downwards.
Found a scroll labelled FAPSYOZOFA.
Found a stone staircase leading down and a stone staircase leading up.
There is a stone staircase leading up here.
Unknown command.
There are monsters nearby!
There are monsters nearby!
An ogre comes into view. It is wielding a +0 giant spiked club.
The ogre shouts!
The jelly quivers.
You barely miss the quokka. The quokka bites you. ๐Ÿ˜• HP[-4]
You take 4 damage, and now have 28/32 hp.
You hit the quokka.
The quokka completely misses you. ๐Ÿ˜• HP[+1]
You hit the quokka.
You kill the quokka!
Unknown command.
The ogre puts on a burst of speed as it pursues you!
There is a stone staircase leading up here. ๐Ÿ˜• HP[+1]
The jelly jiggles.
The jelly hits you.
You are splashed with acid!
You climb upwards.
There is a stone staircase leading down here. ๐Ÿ˜ฎ HP[-9]
You take 9 damage, and now have 21/32 hp.
MASSIVE DAMAGE!! (PAUSE)
You are too injured to fight recklessly!
You hit the jelly.
Your hands burn!
* * * LOW HITPOINT WARNING * * *
The jelly jiggles.
The jelly closely misses you. ๐Ÿ˜จ HP[-5]
You take 5 damage, and now have 16/32 hp.
Unknown command.
You hit the jelly. The acid corrodes you!
Your hands burn!
* * * LOW HITPOINT WARNING * * *
The jelly misses you. ๐Ÿ˜จ HP[-1]
You take 1 damage, and now have 15/32 hp.
You hit the jelly.
Your hands burn!
* * * LOW HITPOINT WARNING * * *
The jelly barely misses you.
Unknown command. ๐Ÿ˜จ HP[-2]
You take 2 damage, and now have 13/32 hp.
You hit the jelly but do no damage.
Your hands burn!
* * * LOW HITPOINT WARNING * * *
The jelly misses you. ๐Ÿ˜ฑ HP[-5]
You take 5 damage, and now have 8/32 hp.
You hit the jelly.
Your hands burn!
* * * LOW HITPOINT WARNING * * *
The jelly misses you. ๐Ÿ˜ฑ HP[-2]
You take 2 damage, and now have 6/32 hp.
You hit the jelly.
Your hands burn!
* * * LOW HITPOINT WARNING * * *
The jelly hits you.
* * * LOW HITPOINT WARNING * * *
You are splashed with acid!
You die...

Skill      XL: |  1  2 |
---------------+-------+-----
Dodging        | 2 |  2.7
Unarmed Combat | 3 |  3.3
Shapeshifting  | 3 |  3.1
Fighting       | |  1.0

Action                     |  1- 3 |  4- 6 || total
---------------------------+-------+-------++-------
  Melee: Unarmed           |   137 |     9 ||   146
         Punch             |     3 |       ||     3
    Use: Scroll            |       |     4 ||     4
   Stab: Sleeping          |     3 |       ||     3
 Armour: Animal skin       |    43 |       ||    43
  Dodge: Dodged            |    96 |     6 ||   102

Levels and vault maps discovered:
D:1:      lightli_arrival_quake, layout_rooms, minmay_misc_feat_secret_circle
D:2:      layout_basic, serial_corexii_hall, corexii_hall_statues_l,
          corexii_hall_statues_x, chequers_hall_statues_corner_a
D:3:      layout_basic, dk_noncrumbling_3
D:4:      layout_rooms, minmay_temple_entry_offerings, uniq_ijyb

Notes
Turn   | Place    | Note
-------+----------+-------------------------------------------
     0 | D:1      | ytrimaz the Demonspawn Shapeshifter began the quest for the
                  | Orb.
     0 | D:1      | Reached XP level 1. HP: 15/15 MP: 1/1
     0 | D:1      | magus.rc [v1.9.6]
   132 | D:1      | Reached skill level 2 in Dodging
   176 | D:1      | Gained mutation: You are partially covered in thin metallic
                  | scales. (AC +2) [demonic ancestry]
   176 | D:1      | Reached XP level 2. HP: 21/21 MP: 2/2
   315 | D:1      | Reached skill level 3 in Unarmed Combat
   588 | D:2      | You pick up a book of the Senses and begin reading...
   588 | D:2      | You add the spells Dazzling Flash, Agony and Silence to
                  | your library.
   601 | D:2      | Reached skill level 3 in Shapeshifting
   601 | D:2      | Reached XP level 3. HP: 16/26 MP: 3/3
  2039 | D:3      | Reached XP level 4. HP: 32/32 MP: 4/4
  2131 | D:4      | Noticed an ogre
  2144 | D:3      | HP: 8/32 [acid (5)]
  2146 | D:3      | HP: 3/32 [acid (3)]
  2146 | D:3      | HP: 1/32 [jelly (3)]
  2146 | D:3      | Splashed by a jelly's acid

Vanquished Creatures
  An adder (D:2)
  A worm (D:2)
  4 dart slugs
  An orc (D:3)
  4 bats
  3 endoplasms
  5 hobgoblins
  6 jackals (D:2)
  3 quokkas
  6 ball pythons
  4 frilled lizards
  A goblin (D:1)
  5 kobolds
  2 rats
46 creatures vanquished.

Table legend:
 A = Non-vault XP
 B = Vault XP
 C = Vault XP percentage of total XP
 D = Non-vault monster count
 E = Vault monster count
 F = Vault count percentage of total count
                 A         B        C        D         E       F
            +---------+---------+-------+---------+---------+-------
      Total |      99 |       0 |   0.0 |      46 |       0 |   0.0
            +---------+---------+-------+---------+---------+-------
        D:1 |      21 |       0 |   0.0 |      12 |       0 |   0.0
        D:2 |      56 |       0 |   0.0 |      23 |       0 |   0.0
        D:3 |      20 |       0 |   0.0 |      10 |       0 |   0.0
        D:4 |       2 |       0 |   0.0 |       1 |       0 |   0.0
            +---------+---------+-------+---------+---------+-------

Skill      XL: |  1  2 |
---------------+-------+-----
Dodging        | 2 |  2.7
Unarmed Combat | 3 |  3.3
Shapeshifting  | 3 |  3.1
Fighting       | |  1.0

Action                     |  1- 3 |  4- 6 || total
---------------------------+-------+-------++-------
  Melee: Unarmed           |   137 |     9 ||   146
         Punch             |     3 |       ||     3
    Use: Scroll            |       |     4 ||     4
   Stab: Sleeping          |     3 |       ||     3
 Armour: Animal skin       |    43 |       ||    43
  Dodge: Dodged            |    96 |     6 ||   102

Illustrated notes

Table legend:
 A = Kills in this place as a percentage of kills in the entire game.
 B = Kills by you in this place as a percentage of kills by you in the entire game.
 C = Kills by friends in this place as a percentage of kills by friends in the entire game.
 D = Other kills in this place as a percentage of other kills in the entire game.
 E = Experience gained in this place as a percentage of experience gained in the entire game.
 F = Experience gained in this place divided by the number of levels of this place that you have seen.
                   A       B       C       D       E      F
               +-------+-------+-------+-------+-------+----------------------
         Total | 100.0 | 100.0 |   N/A |   N/A | 100.0 |  24.8
       Dungeon | 100.0 | 100.0 |   N/A |   N/A | 100.0 |  24.8
               +-------+-------+-------+-------+-------+----------------------

Table legend: (Time is in decaauts)
 A = Elapsed time spent in this place.
 B = Non-inter-level travel time spent in this place.
 C = Inter-level travel time spent in this place.
 D = Time resting spent in this place.
 E = Time spent auto-exploring this place.
 F = Levels seen in this place.
 G = Mean time per level.
                   A        B        C        D        E       F      G
               +--------+--------+--------+--------+--------+-----+--------+
         Total |   2137 |   2071 |     66 |      0 |   1679 |   4 |  534.2 |
       Dungeon |   2137 |   2071 |     66 |      0 |   1679 |   4 |  534.2 |
               +--------+--------+--------+--------+--------+-----+--------+

Top non-repeatable levels by time:
     D:2: 994 daAuts
     D:3: 685 daAuts
     D:1: 448 daAuts
     D:4: 9 daAuts
